 Dungeon Crawl Stone Soup version 0.20-a0-972-gb9bd3e6 (webtiles) character file.

478912 Firecrotchwizard the Executioner (level 23, -1/215 HPs)
             Began as a Minotaur Berserker on Apr 10, 2017.
             Was the Champion of Trog.
             Slain by a stone giant (19 damage)
             ... on level 5 of the Vaults.
             The game lasted 02:04:49 (45879 turns).

Firecrotchwizard the Executioner (MiBe)            Turns: 45879, Time: 02:04:49

Health: -1/215     AC: 19    Str: 37    XL:     23   Next: 38%
Magic:  22/22      EV: 24    Int:  4    God:    Trog [******]
Gold:   8157       SH:  5    Dex: 18    Spells: 22/22 levels left

rFire    . . .     SeeInvis +   b - +8 executioner's axe (elec)
rCold    . . .     Gourm    .   (shield currently unavailable)
rNeg     . . .     Faith    .   V - +10 chain mail of the Other Side {Str+6 SInv Stlth-}
rPois    .         Spirit   .   B - +2 hat
rElec    +         Reflect  +   f - +2 cloak
rCorr    .         Harm     .   S - +2 pair of gloves
MR       ++...                  s - +2 pair of boots
Stlth    ..........             J - +5 amulet of reflection
Regen    0.5/turn               L - ring of Amorality {Wiz rElec Str+7}
MPRegen  0.2/turn               Q - ring of protection from magic

@: corroded
A: retaliatory headbutt, horns 2
}: 3/15 runes: decaying, serpentine, silver
a: Berserk, Trog's Hand, Brothers in Arms, Burn Spellbooks, Renounce Religion


You were on level 5 of the Vaults.
You worshipped Trog.
Trog was exalted by your worship.
You were not hungry.

You visited 6 branches of the dungeon, and saw 36 of its levels.
You also visited: Ossuary, Bailey and Ice Cave.

You collected 9431 gold pieces.
You spent 1274 gold pieces at shops.

Inventory:

Hand Weapons
 b - a +8 executioner's axe of electrocution (weapon)
 G - a +2 battleaxe of flaming
 K - a +8 battleaxe of freezing
 R - a +5 triple crossbow of freezing
Missiles
 x - 28 tomahawks (quivered)
 Y - 1557 bolts
Armour
 a - a scarf of cold resistance
 f - a +2 cloak (worn)
 s - a +2 pair of boots (worn)
 B - a +2 hat (worn)
 S - a +2 pair of gloves (worn)
 V - the +10 chain mail of the Other Side (worn) {Str+6 SInv Stlth-}
   (You found it on level 10 of the Dungeon)

   It affects your strength (+6).
   It lets you see invisible.
   It makes you less stealthy.
Jewellery
 d - an uncursed ring of positive energy
 n - an uncursed ring of poison resistance
 r - a +5 ring of dexterity
 t - an uncursed ring of resist corrosion
 I - the ring of Xuuthicaet {rF++ rN+ Int+4 Dex-3 SInv}
   (You found it on level 5 of the Vaults)

   [ring of intelligence]

   It affects your intelligence (+4).
   It affects your dexterity (-3).
   It greatly protects you from fire.
   It protects you from negative energy.
   It lets you see invisible.
 J - a +5 amulet of reflection (around neck)
 L - the ring of Amorality (left hand) {Wiz rElec Str+7}
   (You found it on level 14 of the Dungeon)

   [ring of wizardry]

   It improves your spell success rate.
   It affects your strength (+7).
   It insulates you from electricity.
 M - an uncursed ring of protection from cold
 Q - a ring of protection from magic (right hand)
Wands
 C - a wand of lightning (7/15)
 D - a wand of iceblast (5/15)
 P - a wand of iceblast (8/15)
 T - a wand of acid (6/15)
Scrolls
 i - 17 scrolls of remove curse
 m - 4 scrolls of fear
 p - 8 scrolls of blinking
 q - 5 scrolls of magic mapping
 u - 12 scrolls of teleportation
 y - 9 scrolls of recharging
 O - 2 scrolls of holy word
 X - 7 scrolls of fog
 Z - a scroll of enchant armour
Potions
 e - a potion of invisibility
 g - 5 potions of agility
 h - 6 potions of brilliance
 j - 4 potions of curing
 k - 7 potions of resistance
 l - 5 potions of mutation
 v - 7 potions of flight
 z - 4 potions of cancellation
 E - a potion of haste
 F - a potion of berserk rage
 N - 3 potions of ambrosia
 U - 4 potions of magic
 W - 5 potions of might
Comestibles
 c - 20 bread rations
 o - 34 royal jellies
 w - 27 meat rations
 A - 7 fruits
 H - 4 chunks of flesh


   Skills:
 + Level 19.9 Fighting
 * Level 26.6 Axes
 + Level 15.1 Crossbows
 - Level 6.0 Throwing
 + Level 20.0 Armour
 + Level 19.1 Dodging
   Level 5.0 Shields


You had 22 spell levels left.
You didn't know any spells.

Dungeon Overview and Level Annotations

Branches:
Dungeon (15/15)            Temple (0/1) D:6            Lair (6/6) D:8
  Swamp (4/4) Lair:2        Snake (4/4) Lair:3        Slime (0/5) Lair:5
    Orc (2/2) D:9             Elf (0/3) Orc:2        Vaults (5/5) D:14
  Crypt (0/3) Vaults:3     Depths (0/5) D:15

Altars:
Cheibriados
Dithmenos
Elyvilon
Fedhas
Okawaru
Qazlal
Ru
Sif Muna
Trog
Uskayaw
Vehumet
Wu Jian
Yredelemnul
Zin
The Shining One

Shops:
D:5 %   D:6 [   D:11 ?   Orc:2 *(=[   Vaults:1 [   Vaults:3 (

Annotations:
Lair:5 exclusion: 5 oklob plants


Innate Abilities, Weirdness & Mutations

You reflexively headbutt those who attack you in melee.
You have a pair of horns on your head.


Message History

You block the stone giant's attack.
You slice the stone giant!!
Lightning courses through the stone giant!
The stone giant is severely wounded.
You slice the stone giant!!
You headbutt the stone giant, but do no damage.
The stone giant is almost dead.
The stone giant misses you.
You barely miss the stone giant.
You headbutt the stone giant, but do no damage.
The stone giant is almost dead.
You slice the deep elf high priest!! The stone giant barely misses you.
You furiously retaliate!
You headbutt the stone giant, but do no damage.
You slice the deep elf high priest!!
Lightning courses through the deep elf high priest!
You kill the deep elf high priest!
Trog accepts your kill.
You hit the stone giant. The stone giant hits you!!
You die...

#..#..........#...#
#..#..........#...#
#..#..........##'##
#..#..#####........
#..#..#...#........
#..#..'...#...#####
#..#..#...#...#...#
#..#..#####...#...'
#.@#..........#[..#
#)C#..........#####
#.cC...............
#....##############
#.............
#.............
#...).........
#.............
#...)##############


You could see a frost giant, a stone giant and a yaktaur captain.

Vanquished Creatures
  Mara (Vaults:2)
  2 golden dragons
  2 liches
  3 tentacled monstrosities
  3 titans (Vaults:5)
  3 quicksilver dragons (Vaults:5)
  5 sphinxes (Vaults:5)
  4 thorn hunters
  Agnes (D:14)
  5 storm dragons (Vaults:5)
  3 shadow dragons (Vaults:5)
  5 nagarajas (Snake:4)
  The ghost of loser178 the Martial Artist, an adept OpTm of Cheibriados (Swamp:3)
  7 tengu reavers
  6 fire giants
  18 vault wardens
  The ghost of fantismo the Bludgeoner, a journeyman DrBe of Trog (Orc:2)
  An iron dragon (Vaults:5)
  4 frost giants
  2 orc warlords (Orc:2)
  A deep elf sorcerer (Vaults:4)
  A deep elf elementalist (Vaults:5)
  17 ironheart preservers
  9 stone giants
  4 war gargoyles
  2 very ugly things
  2 green draconians (Swamp:3)
  2 deep elf demonologists
  Azrael (D:14)
  2 deep elf annihilators
  Snorg (D:14)
  3 ettins
  7 deep elf death magi
  4 fire dragons
  11 yaktaur captains
  3 deep elf high priests (Vaults:5)
  A great orb of eyes (Vaults:4)
  20 ogre magi
  A rakshasa (Vaults:1)
  14 hydras
  Harold (D:10)
  11 centaur warriors
  A ghost crab (Swamp:3)
  14 naga warriors
  45 vault guards
  27 anacondas
  3 ice dragons
  A death knight (Vaults:3)
  A two-headed ogre (shapeshifter) (Vaults:5)
  6 alligators
  A tengu warrior (D:15)
  65 two-headed ogres
  2 deep troll earth magi
  4 orc high priests (Orc:2)
  A dancing weapon (Vaults:5)
  10 naga sharpshooters
  7 shock serpents
  Urug (D:13)
  Nergalle (Lair:3)
  5 deep elf knights
  A fire crab (shapeshifter) (Vaults:5)
  2 hell knights
  7 salamander mystics
  3 shadow wraiths
  A spriggan druid (Swamp:4)
  3 skeletal warriors (D:13)
  A sea snake (shapeshifter) (Vaults:4)
  4 unseen horrors
  A glowing orange brain (shapeshifter) (Vaults:1)
  5 deep trolls
  A deep troll (shapeshifter) (Vaults:4)
  A glowing orange brain (Vaults:4)
  8 swamp dragons
  A lindwurm (shapeshifter) (Vaults:5)
  3 sea snakes (Snake:4)
  10 naga ritualists
  2 wizards (Vaults:2)
  4 lindwurms (Snake:4)
  7 deep elf archers
  23 deep elf magi
  3 necromancers
  5 shambling mangroves
  17 ironbrand convokers
  16 orc knights
  35 ugly things
  7 wolf spiders
  3 phantasmal warriors
  8 orc sorcerers
  18 mana vipers
  12 salamanders
  2 manticores (D:15)
  7 cyclopes
  A manticore (shapeshifter) (Vaults:1)
  An elephant (D:8)
  5 guardian serpents (Snake:4)
  A black mamba (shapeshifter) (Vaults:2)
  Maurice (D:12)
  19 vault sentinels
  28 naga magi
  40 black mambas
  2 fire giant skeletons (Vaults:4)
  An ice statue (IceCv)
  38 spiny frogs
  A yaktaur zombie (Vaults:3)
  7 komodo dragons
  11 freezing wraiths
  A tengu conjurer (D:15)
  A rime drake (shapeshifter) (Vaults:1)
  A yaktaur (shapeshifter) (Vaults:5)
  An efreet (D:15)
  44 yaktaurs
  A queen bee (shapeshifter) (Vaults:5)
  9 polar bears (IceCv)
  A troll (shapeshifter) (Vaults:2)
  8 trolls
  A shadow dragon simulacrum (Vaults:3)
  4 meliai (D:14)
  A queen bee (D:14)
  Grinder (D:3)
  Prince Ribbit (D:7)
  11 hornets
  11 hippogriffs
  9 tyrant leeches
  A raiju (shapeshifter) (Vaults:4)
  37 blink frogs
  9 bog bodies
  26 slime creatures
  4 shadows
  2 stone giant simulacra
  2 vampires
  A spriggan (shapeshifter) (Vaults:2)
  5 spriggans (Swamp:3)
  A centaur simulacrum (D:15)
  A yak (shapeshifter) (Vaults:4)
  2 wyverns
  50 yaks
  4 wraiths
  3 hogs (D:11)
  A human (D:11)
  3 basilisks
  3 fire elementals (D:14)
  The ghost of soadsam the Covered, an amateur HuFi (D:3)
  A human simulacrum (Vaults:3)
  2 hungry ghosts
  A hog (shapeshifter) (Vaults:5)
  15 vampire mosquitoes
  5 wargs
  29 insubstantial wisps
  17 swamp worms
  43 nagas
  A hell hound (D:14)
  16 water moccasins
  4 porcupines
  Duvessa (D:5)
  14 swamp drakes
  45 orc warriors
  A black bear (D:12)
  A hornet zombie (D:15)
  An eye of draining (D:10)
  50 ogres
  An elf zombie (Vaults:4)
  11 ice beasts
  2 necrophages (D:9)
  3 phantoms
  2 human skeletons (Vaults:2)
  An eye of draining (shapeshifter) (Vaults:5)
  19 wolves
  4 boggarts (Vaults:1)
  15 centaurs
  14 crocodiles
  Blork the orc (D:6)
  25 bullfrogs
  Dowan (D:5)
  A scorpion (D:8)
  A water moccasin skeleton (D:4)
  2 wyvern skeletons
  21 killer bees (D:14)
  2 electric eels (Snake:4)
  6 crimson imps
  A quasit (D:14)
  A vampire bat (D:6)
  6 centaur zombies
  2 bullfrog zombies
  A bullfrog skeleton (D:13)
  15 orc priests
  Crazy Yiuf (D:2)
  2 centaur skeletons
  3 human zombies
  10 jellies
  3 hounds
  24 orc wizards
  Jessica (D:2)
  13 worker ants
  Ijyb (D:5)
  8 iguanas
  A hound zombie (D:5)
  2 hound skeletons (D:8)
  6 mummies
  A howler monkey zombie (D:12)
  Robin (D:2)
  17 adders
  3 shadow imps
  An ooze (D:4)
  2 adder zombies
  An adder skeleton (D:9)
  5 worms
  4 dart slugs
  2 leopard geckos
  91 orcs
  2 ball pythons (D:1)
  9 giant cockroaches
  21 goblins
  9 hobgoblins
  8 jackals
  14 kobolds
  2 quokkas
  17 bats
  5 frilled lizards
  2 gnoll zombies (Ossuary)
  3 hobgoblin zombies
  A jackal skeleton (D:7)
  A kobold zombie (Ossuary)
  A leopard gecko skeleton (D:7)
  A leopard gecko zombie (D:8)
  6 orc zombies
  A quokka skeleton (D:5)
  8 rats
  14 briar patches (Swamp:4)
  A butterfly (Lair:3)
  3 crawling corpses (Vaults:5)
  3 fungi
  5 plants
1774 creatures vanquished.

Vanquished Creatures (collateral kills)
  A fire giant (Vaults:1)
  2 frost giants
  6 very ugly things (Vaults:1)
  A deep elf demonologist (Vaults:1)
  A red draconian (Vaults:1)
  A deep elf death mage (Vaults:1)
  2 ettins (Vaults:1)
  A yaktaur captain (Vaults:1)
  An ice dragon (shapeshifter) (Vaults:1)
  2 hydras
  An ogre mage (Vaults:1)
  An orc high priest (Orc:2)
  A swamp dragon (Swamp:4)
  An ugly thing (Vaults:1)
  2 salamanders (Snake:4)
  A black mamba (Lair:4)
  A spiny frog (Lair:2)
  4 yaktaurs (Vaults:1)
  A rime drake (IceCv)
  4 polar bears (IceCv)
  2 yaks (IceCv)
  A spriggan (Lair:4)
  A naga (Snake:4)
  An orc warrior (Orc:2)
  A swamp drake (Swamp:4)
  An orc (Orc:2)
42 creatures vanquished.

Vanquished Creatures (others)
  Nessos (D:12)
  An ettin (Vaults:5)
  A naga sharpshooter (Snake:4)
  A shadow wraith (Vaults:5)
  A spriggan druid (Swamp:3)
  A wizard (Vaults:1)
  A naga (shapeshifter) (Vaults:5)
  4 ogres
  A wolf (IceCv)
  5 briar patches
  2 fungi
  32 plants
51 creatures vanquished.

Grand Total: 1867 creatures vanquished

Notes
Turn   | Place    | Note
-------+----------+-------------------------------------------
     0 | D:1      | Firecrotchwizard the Minotaur Berserker began the quest for the Orb.
     0 | D:1      | Reached XP level 1. HP: 19/19 MP: 0/0
   262 | D:1      | Reached XP level 2. HP: 17/27 MP: 1/1
   262 | D:1      | Reached skill level 4 in Axes
   605 | D:1      | Reached ** piety under Trog
   762 | D:2      | Noticed Jessica
   779 | D:2      | Reached XP level 3. HP: 30/33 MP: 2/2
   793 | D:2      | Killed Jessica
   836 | D:2      | Noticed Robin
   838 | D:2      | Reached XP level 4. HP: 35/40 MP: 3/3
   848 | D:2      | Killed Robin
  1113 | D:2      | Found an iron altar of Okawaru.
  1161 | D:2      | Found a faded altar of an unknown god.
  1225 | D:2      | Found a stormy altar of Qazlal.
  1225 | D:2      | Found a glowing silver altar of Zin.
  1342 | D:2      | Found an ornate altar of the Wu Jian Council.
  1542 | D:2      | Found a runed door.
  1810 | D:2      | Noticed Crazy Yiuf
  1815 | D:2      | Killed Crazy Yiuf
  1815 | D:2      | Reached skill level 5 in Axes
  1815 | D:2      | Reached XP level 5. HP: 28/46 MP: 4/4
  1981 | D:3      | Noticed a centaur
  1989 | D:3      | Killed a centaur
  2245 | D:3      | Reached *** piety under Trog
  2245 | D:3      | Reached XP level 6. HP: 22/53 MP: 5/5
  2440 | D:3      | Found a white marble altar of Elyvilon.
  2460 | D:3      | Noticed Grinder
  2471 | D:3      | Killed Grinder
  2471 | D:3      | Reached skill level 5 in Fighting
  2471 | D:3      | Reached skill level 6 in Axes
  2614 | D:3      | Noticed soadsam's ghost (amateur HuFi)
  2638 | D:3      | Killed soadsam's ghost
  2638 | D:3      | Reached XP level 7. HP: 39/61 MP: 6/6
  2800 | D:3      | Reached skill level 7 in Axes
  2961 | D:3      | Reached skill level 5 in Dodging
  3332 | D:4      | Reached skill level 5 in Armour
  3381 | D:4      | Found a basalt altar of Yredelemnul.
  3574 | D:4      | You fall through a shaft for 3 floors!
  3752 | D:6      | Reached XP level 8. HP: 70/70 MP: 7/7
  3766 | D:5      | Entered Level 5 of the Dungeon
  3773 | D:5      | Found a sand-covered staircase.
  3777 | Ossuary  | Entered an ossuary
  3841 | Ossuary  | Reached skill level 8 in Axes
  3882 | Ossuary  | Reached **** piety under Trog
  4043 | D:5      | Found a sacrificial altar of Ru.
  4232 | D:4      | Found a blossoming altar of Fedhas.
  4467 | D:5      | Found Bojirel's Food Shoppe.
  4512 | D:5      | Noticed Ijyb
  4524 | D:5      | Killed Ijyb
  4658 | D:5      | Reached skill level 9 in Axes
  4807 | D:5      | Noticed Duvessa
  4809 | D:5      | Noticed Dowan
  4814 | D:5      | Killed Duvessa
  4814 | D:5      | Reached skill level 1 in Shields
  4822 | D:5      | Killed Dowan
  5214 | D:6      | Reached XP level 9. HP: 59/78 MP: 8/8
  5293 | D:6      | Found Vieg's Antique Armour Boutique.
  5439 | D:6      | Noticed Blork the orc
  5443 | D:6      | Killed Blork the orc
  5498 | D:6      | Found a staircase to the Ecumenical Temple.
  5646 | D:7      | Noticed Prince Ribbit
  5652 | D:7      | Killed Prince Ribbit
  5800 | D:7      | Found a hide-covered altar of Uskayaw.
  5827 | D:7      | Found a bloodstained altar of Trog.
  5845 | D:7      | Reached ***** piety under Trog
  5887 | D:7      | Found a snail-covered altar of Cheibriados.
  6036 | D:7      | Reached skill level 10 in Axes
  6429 | D:7      | Reached skill level 5 in Shields
  6612 | D:8      | Found a staircase to the Lair.
  6613 | D:8      | Noticed an elephant
  6730 | D:8      | Killed an elephant
  6730 | D:8      | Reached XP level 10. HP: 86/88 MP: 9/9
  6777 | D:8      | Noticed a two-headed ogre
  6787 | D:8      | Killed a two-headed ogre
  6787 | D:8      | Reached skill level 11 in Axes
  6859 | D:8      | Found a deep blue altar of Sif Muna.
  7021 | D:8      | Noticed a two-headed ogre
  7030 | D:8      | Killed a two-headed ogre
  7128 | D:8      | Found a radiant altar of Vehumet.
  7176 | D:8      | Found a bloodstained altar of Trog.
  7783 | D:9      | Reached skill level 12 in Axes
  7924 | D:9      | Found a staircase to the Orcish Mines.
  8336 | D:10     | Entered Level 10 of the Dungeon
  8476 | D:10     | Got a steaming chain mail
  8487 | D:10     | Identified the +10 chain mail of the Other Side {Str+6 SInv Stlth-} (You found it on level 10 of the Dungeon)
  8783 | D:10     | Reached skill level 1 in Throwing
  8786 | D:10     | Reached XP level 11. HP: 97/97 MP: 10/10
  9112 | D:10     | Noticed Harold
  9130 | D:10     | Killed Harold
  9223 | D:9      | Noticed a two-headed ogre
  9231 | D:9      | Killed a two-headed ogre
  9459 | Lair:1   | Entered Level 1 of the Lair of Beasts
  9487 | Lair:1   | Reached skill level 13 in Axes
  9641 | Lair:1   | Reached skill level 10 in Fighting
  9814 | Lair:1   | Reached ****** piety under Trog
  9814 | Lair:1   | Received a gift from Trog
 10037 | Lair:1   | Reached skill level 10 in Armour
 10468 | Lair:2   | Found a frozen archway.
 10508 | IceCv    | Entered an ice cave
 11397 | IceCv    | Reached XP level 12. HP: 91/107 MP: 11/11
 11404 | IceCv    | Received a gift from Trog
 11477 | IceCv    | Reached skill level 14 in Axes
 11528 | IceCv    | Reached skill level 10 in Dodging
 11584 | IceCv    | Reached skill level 5 in Throwing
 11818 | IceCv    | Noticed a frost giant
 11830 | IceCv    | Killed a frost giant
 12124 | Lair:2   | Noticed an eight-headed hydra
 12130 | Lair:2   | Killed a ten-headed hydra
 12420 | Lair:2   | Found a staircase to the Swamp.
 12673 | Lair:2   | Reached skill level 15 in Axes
 13261 | Lair:3   | Noticed Nergalle
 13265 | Lair:3   | Killed Nergalle
 13562 | Lair:3   | Reached XP level 13. HP: 113/116 MP: 12/12
 13571 | Lair:3   | Received a gift from Trog
 13600 | Lair:3   | Found a staircase to the Snake Pit.
 15887 | Lair:5   | Found a staircase to the Slime Pits.
 16031 | Lair:6   | Entered Level 6 of the Lair of Beasts
 16051 | Lair:6   | Reached skill level 16 in Axes
 16238 | Lair:6   | Received a gift from Trog
 16517 | Lair:6   | Received a gift from Trog
 16714 | Lair:6   | Reached XP level 14. HP: 127/127 MP: 13/13
 17389 | D:11     | Reached skill level 17 in Axes
 17530 | D:11     | Found a shadowy altar of Dithmenos.
 17667 | D:11     | Found Tuymnusk's Magic Scroll Shoppe.
 17674 | D:11     | Bought a scroll of blinking for 112 gold pieces
 17674 | D:11     | Bought a scroll of acquirement for 780 gold pieces
 17674 | D:11     | Bought a scroll of teleportation for 45 gold pieces
 18426 | D:12     | Noticed Nessos
 18435 | D:12     | Killed Nessos
 18446 | D:12     | Found a flagged portal.
 18626 | Bailey   | Entered a bailey
 18669 | Bailey   | Found a burning altar of Makhleb.
 18989 | D:12     | Noticed Maurice
 18996 | D:12     | Killed Maurice
 19020 | D:12     | Received a gift from Trog
 19691 | Orc:1    | Entered Level 1 of the Orcish Mines
 20059 | Orc:2    | Entered Level 2 of the Orcish Mines
 20062 | Orc:2    | Found Eciplieh's General Store.
 20069 | Orc:2    | Noticed an orc warlord
 20078 | Orc:2    | Noticed fantismo's ghost (journeyman DrBe)
 20096 | Orc:2    | Killed an orc warlord
 20116 | Orc:2    | Killed fantismo's ghost
 20411 | Orc:2    | Bought a scroll of fear for 35 gold pieces
 20411 | Orc:2    | Bought a potion of heal wounds for 50 gold pieces
 20445 | Orc:2    | Found Kiash's Antique Weapon Shop.
 20519 | Orc:2    | Found Jyluroor's Jewellery Emporium.
 20561 | Orc:2    | Found Foj Kid's Antique Armour Shop.
 20592 | Orc:2    | Bought a runed hat for 252 gold pieces
 20730 | Orc:2    | Paralysed by an orc sorcerer for 5 turns
 20734 | Orc:2    | Noticed an orc warlord
 20740 | Orc:2    | Reached skill level 18 in Axes
 20755 | Orc:2    | Killed an orc warlord
 21087 | Orc:2    | Received a gift from Trog
 21108 | Orc:2    | Found a staircase to the Elven Halls.
 21531 | D:13     | Noticed Urug
 21541 | D:13     | Killed Urug
 21674 | D:13     | Reached skill level 1 in Crossbows
 22001 | D:13     | Noticed a fire giant
 22006 | D:13     | Reached XP level 15. HP: 137/137 MP: 14/14
 22012 | D:13     | Killed a fire giant
 22426 | D:14     | Found a gate to the Vaults.
 22459 | D:14     | Noticed Azrael
 22471 | D:14     | Killed Azrael
 22504 | D:14     | Received a gift from Trog
 22777 | D:14     | Noticed Agnes
 22787 | D:14     | Killed Agnes
 22899 | D:14     | Reached skill level 19 in Axes
 23094 | D:14     | Found an iron altar of Okawaru.
 23133 | D:14     | Received a gift from Trog
 23335 | D:14     | Found a glowing golden altar of the Shining One.
 23348 | D:14     | Noticed Snorg
 23361 | D:14     | Killed Snorg
 23491 | D:14     | Got a wavering tin ring
 23493 | D:14     | Identified the ring of Amorality {Wiz rElec Str+7} (You found it on level 14 of the Dungeon)
 23711 | D:15     | Entered Level 15 of the Dungeon
 23811 | D:15     | Found a staircase to the Depths.
 23840 | D:15     | Received a gift from Trog
 24020 | D:15     | Reached skill level 5 in Crossbows
 24690 | Swamp:1  | Entered Level 1 of the Swamp
 24902 | Swamp:1  | Reached XP level 16. HP: 83/147 MP: 15/15
 25465 | Swamp:1  | Reached skill level 20 in Axes
 25465 | Swamp:1  | Reached XP level 17. HP: 154/154 MP: 16/16
 25959 | Swamp:2  | Reached skill level 15 in Armour
 26216 | Swamp:2  | Received a gift from Trog
 26634 | Swamp:3  | Reached skill level 15 in Fighting
 26850 | Swamp:3  | Noticed loser178's ghost (adept OpTm)
 26852 | Swamp:3  | Received a gift from Trog
 26898 | Swamp:3  | Killed loser178's ghost
 27993 | Swamp:4  | Entered Level 4 of the Swamp
 28412 | Swamp:4  | Reached skill level 21 in Axes
 28412 | Swamp:4  | Reached skill level 15 in Dodging
 28416 | Swamp:4  | Received a gift from Trog
 28797 | Swamp:4  | Got a decaying rune of Zot
 29067 | Snake:1  | Entered Level 1 of the Snake Pit
 29074 | Snake:1  | Reached XP level 18. HP: 157/163 MP: 17/17
 29909 | Snake:2  | Received a gift from Trog
 31751 | Snake:3  | Received a gift from Trog
 32139 | Snake:4  | Entered Level 4 of the Snake Pit
 32382 | Snake:4  | Reached skill level 22 in Axes
 32916 | Snake:4  | Received a gift from Trog
 33370 | Snake:4  | Received a gift from Trog
 33393 | Snake:4  | Reached XP level 19. HP: 93/172 MP: 18/18
 34074 | Snake:4  | Reached skill level 10 in Crossbows
 34221 | Snake:4  | Received a gift from Trog
 34256 | Snake:4  | Received a gift from Trog
 34665 | Snake:4  | Got a serpentine rune of Zot
 35521 | Vaults:1 | Entered Level 1 of the Vaults
 35604 | Vaults:1 | Found Ecry's Armour Emporium.
 35634 | Vaults:1 | Reached skill level 23 in Axes
 35641 | Vaults:1 | Received a gift from Trog
 35889 | Vaults:1 | Received a gift from Trog
 36194 | Vaults:1 | Noticed a golden dragon
 36207 | Vaults:1 | Killed a golden dragon
 36212 | Vaults:1 | Killed a ghostly golden dragon
 36217 | Vaults:1 | Noticed a Tzitzimitl
 36218 | Vaults:1 | HP: 4/177 [fire giant/bolt of fire (47)]
 36236 | Vaults:1 | Reached XP level 20. HP: 41/184 MP: 19/19
 36903 | Vaults:1 | Received a gift from Trog
 38017 | Vaults:1 | Identified the cursed +0 shield "Usir" {rN++ MR++ Int-3} (You found it on level 1 of the Vaults)
 38821 | Vaults:2 | Received a gift from Trog
 39377 | Vaults:2 | Reached skill level 24 in Axes
 39464 | Vaults:2 | Noticed Mara
 39467 | Vaults:2 | Noticed Firecrotchwizard's illusion
 39473 | Vaults:2 | Killed Mara
 39851 | Vaults:3 | Found a staircase to the Crypt.
 40229 | Vaults:3 | Received a gift from Trog
 40268 | Vaults:3 | Reached XP level 21. HP: 194/194 MP: 20/20
 40342 | Vaults:3 | Found Roluf's Weapon Shoppe.
 40438 | Vaults:3 | Received a gift from Trog
 40792 | Vaults:3 | Received a gift from Trog
 41298 | Vaults:4 | Received a gift from Trog
 41846 | Vaults:4 | Reached skill level 25 in Axes
 41860 | Vaults:4 | Received a gift from Trog
 42593 | Vaults:4 | Received a gift from Trog
 42674 | Vaults:4 | Reached XP level 22. HP: 204/204 MP: 21/21
 42724 | Vaults:4 | Received a gift from Trog
 42820 | Vaults:4 | Received a gift from Trog
 43056 | Vaults:5 | Entered Level 5 of the Vaults
 43614 | Vaults:5 | Received a gift from Trog
 43666 | Vaults:5 | Received a gift from Trog
 44243 | Vaults:5 | Reached skill level 26 in Axes
 44314 | Vaults:5 | HP: 8/206 [tengu reaver/bolt of poison (26)]
 44878 | Vaults:5 | Received a gift from Trog
 44878 | Vaults:5 | Reached XP level 23. HP: 114/214 MP: 22/22
 45311 | Vaults:5 | Got a pair of encrusted boots
 45317 | Vaults:5 | Identified the cursed -2 pair of boots of the Endless Expanse {rC+ Str+3 Dex+4} (You found it on level 5 of the Vaults)
 45690 | Vaults:5 | Identified the ring of Xuuthicaet {rF++ rN+ Int+4 Dex-3 SInv} (You found it on level 5 of the Vaults)
 45704 | Vaults:5 | Got a silver rune of Zot
 45795 | Vaults:5 | Reached skill level 15 in Crossbows
 45805 | Vaults:5 | Received a gift from Trog
 45879 | Vaults:5 | Slain by a stone giant

Vault maps used:
D:1:      dpeg_arrival_shrine
D:2:      lemuel_coloured_pillars_altar, gammafunk_temple_overflow_elements,
          old_standard_altar, chequers_ecumenical_altar_twisty, uniq_jessica,
          uniq_crazy_yiuf_cottage, uniq_robin
D:3:      first_bread, elyvilon_altar_1, uniq_grinder
D:4:      nicolae_overflow_crystal_walls, minivault_14, fedhas_altar_4
D:5:      lemuel_crystal_altar, enter_ossuary_5, serial_shops, shop,
          uniq_duvessa, uniq_iyjb
D:6:      temple_hall, serial_shops, kennysheep_mini_moat,
          gup_sewer_entry_glass, roderic_batcave, uniq_blork_the_orc
D:7:      cheibriados_altar_1, bloody_trog, basic_altar, grunt_decor_fettered,
          minmay_mini_ossuary, uniq_prince_ribbit1
D:8:      led_sif_pool, fiery_altar_vehumet, david_lair_generic,
          trog_three_pillars_becter
D:9:      orc_0_dummy, minmay_misc_feat_four_crosses
D:10:     uniq_harold
D:11:     serial_shops, shop, grunt_livestock,
          nicolae_dithmenos_through_a_glass_darkly
D:12:     enter_bailey_3, uniq_nessos, uniq_maurice
D:13:     minmay_glassy_protrusions, uniq_urug
D:14:     erik_vaults_2, basic_altar, nicolae_sextant,
          nicolae_tso_carved_into_rock, uniq_snorg, uniq_azrael, uniq_agnes
D:15:     hangedman_depths_entry_civil_slaughter
Lair:2:   swamp_mist, portal_ice_cave_entry_ice_beasts
Lair:3:   minmay_snake_entry_guardpost_small, lemuel_fruit_fields,
          infiniplex_staircase_pool, lemuel_fruit_fields, uniq_nergalle
Lair:4:   grunt_forest_large_clearing_hut, infiniplex_staircase_pool_2
Lair:5:   minmay_slime_entry_oklob_enclosed, serial_bayou_crossing,
          lemuel_fruit_tree
Lair:6:   minmay_lair_end_frog_pond, serial_bayou_shore_b
Swamp:1:  nicolae_swamp_trees_clearing
Swamp:2:  evilmike_swamp_ruin_house_5
Swamp:3:  serial_swamp_ruin, evilmike_swamp_ruin_house_1,
          evilmike_swamp_ruin_house_3, hangedman_swamp_dais
Swamp:4:  swamp
Snake:2:  nicolae_snakescales, grunt_ministairs_13, st_stairs_12,
          nicolae_snake_squiggles, hangedman_snake_wide_pillar_pass
Snake:4:  snake_pit_salamanders_mu, serial_bayou_shore_a
Orc:1:    nicolae_orc_lava_room
Orc:2:    grunt_orc_gardens, grunt_orc_garden, grunt_orc_garden,
          grunt_orc_garden, grunt_orc_garden, nicolae_orc_pool_cavern
Vaults:1: st_greater_box_4, hangedman_vaults_stitches, grunt_vaults_funnel,
          nicolae_vaults_little_squares_4, nicolae_vaults_specimen_jars,
          vaults_room_fancy_cross, vaults_room_pools, v_pattern_4, v_rooms_5,
          nicolae_vaults_back_hallway, nicolae_vaults_network_square,
          grunt_vaults_hallway_short, vaults_mumra_minichess_inversion,
          serial_shops, shop
Vaults:2: v_misc_10, vaults_room_door_ring, nicolae_vaults_angled_halls,
          v_misc_25, v_misc_8, grunt_vaults_diagonal, v_alt_pattern_5,
          grunt_vaults_hallway_short, nicolae_vaults_good_morning_starshine,
          vaults_room_corners, vaults_dpeg_ring, uniq_mara
Vaults:3: hangedman_vaults_capsules, hangedman_vaults_nails,
          hangedman_vaults_locks, hangedman_vaults_hard_town_square, v_rooms_4,
          grunt_vaults_hallway_short, serial_shops, nicolae_shop_trees
Vaults:4: nicolae_vaults_angled_halls, v_rooms_4, vaults_room_door_ring,
          v_misc_25, ontoclasm_vaults_chip, hangedman_vaults_corner,
          vaults_mumra_hexcomb, ontoclasm_vaults_tryst, st_cross,
          nicolae_vaults_twisting_passages, v_rooms_4
Vaults:5: serial_shops
Ossuary:  ossuary_crypta
Bailey:   bailey_axe_3, bailey
IceCv:    ice_cave_caverns_02

Skill      XL: |  1  2  3  4  5  6  7  8  9 10 11 12 13 14 15 16 17 18 19 20 21 22 23 |
---------------+----------------------------------------------------------------------+-----
Axes           | 4 5 6 7 9 10 12 13 15 16 18 19 20 21 22 23 24 25 26 | 26.6
Fighting       | 4 5 6 8 9 10 11 12 13 14 15 16 17 18 19 | 19.9
Dodging        | 3 4 5 6 7 8 9 10 12 13 14 15 16 17 18 19 | 19.1
Armour         | 3 4 5 6 8 9 10 11 12 13 14 15 16 17 18 19 20 | 20.0
Shields        | 2 5 |  5.0
Throwing       | 1 4 6 |  6.0
Crossbows      | 1 5 7 9 11 12 13 14 15 | 15.1

Action                   |  1- 3 |  4- 6 |  7- 9 | 10-12 | 13-15 | 16-18 | 19-21 | 22-24 || total
-------------------------+-------+-------+-------+-------+-------+-------+-------+-------++-------
Melee: Hand axe          |    67 |   144 |   399 |   357 |       |       |       |       ||   967
       Headbutt          |    10 |    34 |    88 |   148 |   245 |   218 |   325 |   121 ||  1189
       Broad axe         |       |       |       |   111 |       |       |       |       ||   111
       Battleaxe         |       |       |       |    69 |   863 |   864 |   361 |       ||  2157
       Executioner's axe |       |       |       |       |       |       |   658 |   382 ||  1040
 Fire: Arbalest          |       |       |       |       |       |    12 |       |       ||    12
       Triple crossbow   |       |       |       |       |       |     3 |     3 |     1 ||     7
Throw: Tomahawk          |       |       |       |     2 |       |       |       |       ||     2
Invok: Trog's Hand       |       |     1 |     3 |     1 |     4 |     3 |     7 |     1 ||    20
       Brothers in Arms  |       |       |       |     2 |     2 |     3 |     6 |       ||    13
       Burn Spellbooks   |       |       |       |     1 |     1 |     2 |     2 |     4 ||    10
       Berserk           |       |       |       |       |     1 |       |       |       ||     1
  Use: Scroll            |       |       |    10 |    13 |    12 |    10 |    11 |     6 ||    62
       Potion            |       |       |       |       |     8 |     9 |     4 |     8 ||    29
 Stab: Distracted        |       |       |       |     1 |       |       |     1 |     1 ||     3
       Confused          |       |       |       |       |       |     3 |       |     1 ||     4
  Eat: Chunk             |       |     6 |    12 |    22 |    34 |    17 |    26 |     5 ||   122
       Fruit             |       |       |     2 |     3 |     7 |    16 |    11 |     7 ||    46
Armor: Animal skin       |     6 |     3 |       |       |       |       |       |       ||     9
       Chain mail        |       |    67 |   107 |   165 |   323 |   107 |   354 |   179 ||  1302
       Plate armour      |       |       |    13 |    40 |       |       |       |       ||    53
       Swamp dragon scal |       |       |       |       |       |   155 |     6 |       ||   161
Dodge: Dodged            |    46 |    50 |   129 |   200 |   609 |   611 |   602 |   287 ||  2534
Block: Buckler           |       |       |    80 |   183 |       |       |       |       ||   263
       Other             |       |       |     7 |     8 |   177 |   136 |   180 |    73 ||   581
       Reflection        |       |       |     1 |     4 |    15 |     6 |    30 |    11 ||    67
